 Dungeon Crawl Stone Soup version 0.24.0-1-gfbc8707122 (webtiles) character file.

Game seed: 7985050463474489565, levelgen mode: deterministic

487 Aronfury the Slasher (level 6, -6/47 HPs)
             Began as a Demonspawn Gladiator on Oct 26, 2019.
             Killed by divine providence
             ... invoked by an orc priest
              (16 damage)
             ... on level 4 of the Dungeon.
             The game lasted 00:19:48 (3915 turns).

Aronfury the Slasher (Demonspawn Gladiator)         Turns: 3915, Time: 00:19:48

Health: -6/47      AC: 15    Str: 18    XL:     6   Next: 89%
Magic:  6/6        EV:  9    Int:  9    God:
Gold:   200        SH:  0    Dex: 15    Spells: 5/5 levels left

rFire    . . .     SeeInvis .   a - +0 long sword
rCold    . . .     Gourm    .   (no shield)
rNeg     . . .     Faith    .   s - +0 chain mail
rPois    .         Spirit   .   c - +0 helmet
rElec    .         Reflect  .   (no cloak)
rCorr    .         Harm     .   g - +0 pair of gloves
MR       .....                  (no boots)
Stlth    ..........             (no amulet)
HPRegen  0.15/turn              p - +2 ring of strength
MPRegen  0.10/turn              o - +4 ring of protection

@: no status effects
A: claws 1, spiny 1
a: no special abilities


You were on level 4 of the Dungeon.
You were not hungry.

You visited 1 branch of the dungeon, and saw 4 of its levels.

You collected 200 gold pieces.

Inventory:

Hand Weapons
 a - a +0 long sword (weapon)
 k - a +0 short sword
 l - a +0 hand axe
 w - a +0 war axe
Missiles
 d - 3 throwing nets (quivered)
Armour
 b - a +0 leather armour
 c - a +0 helmet (worn)
 g - a +0 pair of gloves (worn)
 s - a +0 chain mail (worn)
 u - a +0 ring mail
Jewellery
 o - a +4 ring of protection (right hand)
 p - a +2 ring of strength (left hand)
Scrolls
 e - 4 scrolls of teleportation {unknown}
 j - 8 scrolls of identify {unknown}
 m - a scroll of remove curse {unknown}
 q - a scroll of fear {unknown}
 t - a scroll of random uselessness {unknown}
 v - a scroll of magic mapping {unknown}
Potions
 h - a potion of agility {unknown}
 i - a potion of flight {unknown}
 n - a potion of resistance {unknown}
 r - a potion of degeneration {unknown}
 x - a potion of brilliance {unknown}
Comestibles
 f - 7 rations
 z - 3 chunks of flesh


   Skills:
 + Level 3.6 Fighting
 + Level 4.7 Long Blades
 - Level 1.7 Throwing
 + Level 2.7 Armour
 + Level 4.2 Dodging
 - Level 0.2 Stealth


You had 5 spell levels left.
You didn't know any spells.
Your spell library contained the following spells:

 Spells                   Type           Power        Failure   Level  Hunger
 Beastly Appendage        Tmut           #.....       99%         1    ##.....
 Sticks to Snakes         Tmut           #.......     100%        2    ###....
 Spider Form              Tmut/Pois      #.........   100%        3    ####...
 Ice Form                 Ice/Tmut       #.......     100%        4    #####..
 Blade Hands              Tmut           #.........   100%        5    ######.


Dungeon Overview and Level Annotations

Branches:
Dungeon (4/15)             Temple (0/1) D:4

Altars:
Gozag
Qazlal
The Shining One


Innate Abilities, Weirdness & Mutations

You have sharp fingernails.
You are partially covered in sharp spines.


Message History

The iguana bites you but does no damage.
The orc priest mumbles some strange prayers to Beogh against you.
Beogh smites you!
* * * LOW HITPOINT WARNING * * *
The orc wizard mumbles some strange words.
The orc wizard seems to speed up.
You hit the iguana but do no damage.
The iguana is almost dead.
The iguana bites you but does no damage.
The iguana bites you.
* * * LOW HITPOINT WARNING * * *
You barely miss the iguana.
The iguana is almost dead.
The orc priest is struck by your spines.
The orc priest barely misses you. The iguana closely misses you.
You hit the iguana but do no damage.
The iguana is almost dead.
The orc priest mumbles some strange prayers to Beogh against you.
Beogh smites you!
You die...

........###..# #.....##.
..#...>..#...# #......#..
...#.........##..........
##.##.##.....#...........
#.## ##....>........#..
..#..###....#.#..
..(.........### .
..#..##....#..#.. #
#..@l.oo.../ #...o.##.###
#..#.....# ####..##....
###.. ##. #..# #.# ...
..#


You could see an iguana, an orc priest, an orc wizard and an orc.

Vanquished Creatures
  5 big kobolds (D:3)
  3 adders
  2 oozes
  2 worms (D:2)
  3 dart slugs
  An orc (D:3)
  2 ball pythons (D:4)
  2 giant cockroaches
  8 hobgoblins
  3 jackals (D:2)
  3 quokkas (D:2)
  9 bats
  5 frilled lizards
  3 goblins
  52 kobolds
  7 rats (D:1)
110 creatures vanquished.

Vanquished Creatures (others)
  A rat (D:2)
1 creature vanquished.

Grand Total: 111 creatures vanquished

Notes
Turn   | Place    | Note
-------+----------+-------------------------------------------
     0 | D:1      | Aronfury the Demonspawn Gladiator began the quest for the
                  | Orb.
     0 | D:1      | Reached XP level 1. HP: 16/16 MP: 1/1
   236 | D:1      | Gained mutation: You have sharp fingernails. [demonic
                  | ancestry]
   236 | D:1      | Reached XP level 2. HP: 12/22 MP: 2/2
   670 | D:1      | Reached XP level 3. HP: 22/27 MP: 3/3
   858 | D:2      | Found a stormy altar of Qazlal.
  1323 | D:2      | Reached XP level 4. HP: 31/33 MP: 4/4
  1649 | D:2      | Found a glowing golden altar of the Shining One.
  1781 | D:3      | Reached skill level 1 in Armour
  2455 | D:3      | Found a faded altar of an unknown god.
  2900 | D:3      | Gained mutation: You are partially covered in sharp spines.
                  | [demonic ancestry]
  2900 | D:3      | Reached XP level 5. HP: 38/39 MP: 5/5
  2952 | D:3      | Reached XP level 6. HP: 46/47 MP: 6/6
  3767 | D:4      | Found an opulent altar of Gozag.
  3884 | D:4      | Found a staircase to the Ecumenical Temple.
  3915 | D:4      | Killed from afar by an orc priest

Levels and vault maps discovered:
D:1:      dpeg_arrival_stone_temple_mockup, layout_loops_cross
D:2:      layout_loops_cross, lemuel_crystal_altar, grunt_qazlal_clouds
D:3:      minmay_goblin_kobold_castle, layout_loops_ring,
          chequers_ecumenical_altar_grove, minmay_misc_feat_nine_boxes,
          grunt_ministairs_14
D:4:      layout_cave_pools, elyvilon_altar_1, minmay_temple_entry_wispy,
          nrook_mini_vaults, nicolae_gozag_cash_rules_everything_around_me

Skill      XL: |  1  2  3  4  5  6 |
---------------+-------------------+-----
Long Blades    | 3 4 |  4.7
Dodging        | 3 4 |  4.2
Armour         | 1 2 |  2.7
Fighting       | 3 |  3.6
Throwing       | |  1.7
Stealth        | |  0.2

Action                   |  1- 3 |  4- 6 || total
-------------------------+-------+-------++-------
Melee: Long sword        |   111 |   189 ||   300
  Eat: Chunk             |     1 |     2 ||     3
       Ration            |     1 |     1 ||     2
Armor: Leather armour    |    50 |     1 ||    51
       Chain mail        |       |   191 ||   191
Dodge: Dodged            |   120 |   162 ||   282
       Rpst.: Long sword |    47 |    41 ||    88
